 Dungeon Crawl Stone Soup version 0.27-a0-13-g87abb2d9eb (webtiles) character file.

Game seed: 16105152916046318519

77657 Calibrex the Fighter (level 15, -4/157 HPs)
             Began as a Troll Monk on Jan 1, 2021.
             Was a High Priest of Wu Jian.
             Blown up by an orb spider (37 damage)
             ... with a wavering orb of destruction
             ... on level 2 of the Spider Nest on Jan 2, 2021.
             The game lasted 02:17:56 (21638 turns).

Calibrex the Fighter (Troll Monk)                  Turns: 21638, Time: 02:17:57

Health: -4/157     AC: 14    Str: 27    XL:     15   Next: 16%
Magic:  20/20      EV: 14    Int:  7    God:    Wu Jian [*****.]
Gold:   1123       SH: 20    Dex: 18    Spells: 20/22 levels left

rFire    . . .     SeeInvis .     - Unarmed
rCold    . . .     Faith    .   e - +0 tower shield {rPois}
rNeg     . . .     Spirit   .   I - +0 swamp dragon scales
rPois    +         Reflect  .   T - +1 hat
rElec    .         Harm     .   V - +1 cloak
rCorr    +         Rampage  .   (gloves unavailable)
Will     +....                  (boots unavailable)
Stlth    +.........             (no amulet)
HPRegen  0.76/turn              o - +6 ring of dexterity
MPRegen  0.17/turn              Y - ring of resist corrosion

@: mighty
A: large, unfitting armour, claws 3, regeneration 1, shaggy fur 1, tough skin 3
a: Renounce Religion, Wall Jump, Serpent's Lash, Heavenly Storm


You were on level 2 of the Spider Nest.
You worshipped Wu Jian.
Wu Jian was extremely pleased with you.
You visited 5 branches of the dungeon, and saw 22 of its levels.

You collected 2809 gold pieces.
You spent 1686 gold pieces at shops.

Inventory:

Hand Weapons
 y - a +4 flail of holy wrath
Missiles
 g - 586 stones
 u - 59 poisoned darts (quivered)
 x - 23 boomerangs
 A - 14 curare-tipped darts
 B - 20 large rocks
 D - 7 javelins
Armour
 e - a +0 tower shield of poison resistance (worn)
 s - a +0 troll leather armour
 F - a +2 robe of willpower
 I - +0 swamp dragon scales (worn)
 T - a +1 hat (worn)
 V - a +1 cloak (worn)
Jewellery
 l - a +6 ring of strength
 o - a +6 ring of dexterity (left claw)
 G - an uncursed ring of protection from fire
 O - an uncursed ring of magical power
 P - the ring "Conaxer" {rPois MP+9 Str+2}
   (You found it on level 1 of the Spider Nest)

   [ring of poison resistance]

   It affects your strength (+2).
   It protects you from poison.
   It affects your magic capacity (+9).
 U - an uncursed ring of stealth
 Y - a ring of resist corrosion (right claw)
Wands
 d - a wand of paralysis (16)
 r - a wand of iceblast (7)
 C - a wand of acid (12)
 H - a wand of disintegration (10)
 J - a wand of enslavement (5)
 K - a wand of flame (55)
 Q - a wand of digging (3)
Scrolls
 a - 5 scrolls of enchant weapon
 b - 4 scrolls of magic mapping
 f - a scroll of enchant armour
 h - 12 scrolls of teleportation
 j - 6 scrolls of amnesia
 k - 2 scrolls of fear
 z - 7 scrolls of remove curse
 M - 2 scrolls of fog
 S - a scroll of acquirement
 X - 2 scrolls of brand weapon
 Z - a scroll of identify
Potions
 i - 5 potions of curing
 m - 3 potions of invisibility
 n - 4 potions of haste
 p - 2 potions of flight
 t - 4 potions of might
 v - 2 potions of cancellation
 E - 3 potions of magic
 R - 2 potions of mutation
 W - a potion of brilliance
Miscellaneous
 q - a box of beasts
 w - a phantom mirror
 L - a phial of floods
 N - a tin of tremorstones (2/2)


   Skills:
 + Level 12.2 Fighting
 - Level 5.0 Throwing
 - Level 9.0 Dodging
 - Level 1.0 Stealth
 * Level 11.4 Shields
 - Level 10.9 Unarmed Combat
 + Level 4.2 Spellcasting
 + Level 4.6 Hexes
 - Level 5.0 Necromancy


You had 20 spell levels left.
You knew the following spells:

 Your Spells              Type           Power        Failure   Level
a - Slow                  Hex            8%           22%         2

Your spell library contained the following spells:

 Spells                   Type           Power        Failure   Level
 Animate Skeleton         Necr           16%          13%         1
 Pain                     Necr           32%          13%         1
 Corona                   Hex            8%           14%         1
 Vampiric Draining        Necr           4%           36%         3
 Confusing Touch          Hex            8%           41%         3
 Tukima's Dance           Hex            8%           41%         3
 Ensorcelled Hibernation  Hex/Ice        8%           50%         2
 Magic Dart               Conj           4%           69%         1
 Dazzling Flash           Conj/Hex       8%           75%         3
 Animate Dead             Necr           4%           77%         4
 Blink                    Tloc           N/A          83%         2
 Call Imp                 Summ           1%           83%         2
 Conjure Flame            Conj/Fire      1%           96%         3
 Gell's Gravitas          Tloc           0%           96%         3
 Mephitic Cloud           Conj/Pois/Air  1%           96%         3
 Agony                    Necr           8%           98%         5
 Petrify                  Tmut/Erth      1%           100%        4
 Bolt of Magma            Conj/Fire/Erth 0%           100%        5
 Iskenderun's Battlesphe  Conj           1%           100%        5
 Metabolic Englaciation   Hex/Ice        2%           100%        5
 Yara's Violent Unravell  Hex/Tmut       2%           100%        5
 Iron Shot                Conj/Erth      0%           100%        6
 Orb of Destruction       Conj           0%           100%        7
 Spellforged Servitor     Conj/Summ      0%           100%        7


Dungeon Overview and Level Annotations

Branches:
Dungeon (11/15)            Temple (0/1) D:6            Lair (6/6) D:11
  Swamp (0/4) Lair:2       Spider (2/4) Lair:2        Slime (0/5) Lair:6
    Orc (2/2) D:11            Elf (1/3) Orc:2

Altars:
Ashenzari
Cheibriados
Elyvilon
Fedhas
Gozag
Hepliaklqana
Makhleb
Okawaru
Uskayaw
Vehumet
Wu Jian
Xom
Beogh

Shops:
Orc:2 *::[!

Annotations:
Lair:4 1 runed translucent door, exclusion: oklob plant, Zaegoraum's ghost, journeyman DsAK


Innate Abilities, Weirdness & Mutations

You are too large for most types of armour.
You have claws for hands.
Your natural rate of healing is unusually fast.
You are covered in fur. (AC +1)
You have extremely tough skin. (AC +3)


Message History

The jumping spider barely misses you.
The jumping spider bites you but does no damage.
The web tears apart.
The jumping spider misses you. You block the jumping spider's attack.
You claw the jumping spider!
The jumping spider is heavily wounded.
The jumping spider closely misses you. You block the jumping spider's attack.
You claw the jumping spider!
The jumping spider is almost dead.
You block the jumping spider's attack. x2
The jumping spider pounces on you but does no damage.
The jumping spider bites you.
* * * LOW HITPOINT WARNING * * *
You eviscerate the jumping spider!!!
You kill the jumping spider!
The Council accepts your kill.
The orb spider weaves a glowing orb of energy.
An orb of destruction comes into view.
The wavering orb of destruction hits you!!!
You die...

#. . . .... . .... ##. .....
#^.....##°##s.....
.......#°°°#°.....
#^....#°°☼°°...^.
.....#○@○#○..^#^ ##
....#...#○°s○....###.##
##...#.§§#.°°.........^#
###...##§§§..§☼.........##
#..^..#§☼☼..)§☼.....^....#
#....#§☼....☼§.....#..##
####☼§☼####....☼..........###
#...§☼☼#☼☼................#.##
#..☼☼§§☼☼☼§§☼.....#..†......#
.


You could see an orb spider.

Vanquished Creatures
  2 entropy weavers
  A spark wasp (Spider:1)
  Josephine (Orc:2)
  3 hydras (Lair:2)
  2 ogre magi (Orc:2)
  9 two-headed ogres
  5 death yaks
  Nergalle (D:10)
  The ghost of sahdkjhfkaj the Spear-Bearer, a novice MfGl (D:7)
  2 deep trolls (Orc:2)
  3 unseen horrors
  A bog body (Lair:2)
  2 orc knights
  4 wolf spiders (Spider:1)
  6 orb spiders
  A deep elf mage (Elf:1)
  An orc sorcerer (Orc:2)
  An ugly thing (D:11)
  4 cyclopes
  10 elephants
  2 black mambas
  Maggie (D:6)
  30 cane toads
  7 komodo dragons
  2 rime drakes
  5 demonic crawlers
  11 trolls
  13 jumping spiders
  A hornet (D:7)
  4 tyrant leeches (Lair:6)
  25 blink frogs
  Sigmund (D:2)
  4 tarantellas
  3 wyverns
  30 redbacks
  3 wraiths (Orc:2)
  A fire elemental (Orc:2)
  A basilisk (Lair:4)
  41 yaks
  6 vampire mosquitoes (Lair:6)
  4 wargs
  10 water moccasins
  14 orc warriors
  3 sky beasts
  A black bear (D:6)
  3 necrophages
  4 ice beasts
  3 phantoms
  26 ogres
  3 centaurs
  2 big kobolds
  23 bullfrogs
  A scorpion (D:5)
  8 killer bees (D:8)
  A howler monkey (D:6)
  4 electric eels
  2 bullfrog zombies (D:11)
  2 hounds
  2 jellies
  12 orc priests
  9 orc wizards
  2 bullfrog skeletons
  A centaur skeleton (D:4)
  6 worker ants
  9 iguanas
  A killer bee zombie (D:7)
  A centaur simulacrum (D:4)
  A bullfrog simulacrum (D:4)
  2 hound zombies
  3 hound skeletons
  3 worker ant zombies
  6 gnolls (D:3)
  A howler monkey skeleton (D:11)
  11 adders
  4 shadow imps
  4 white imps
  3 worker ant simulacra (D:4)
  An ufetubus (D:5)
  3 oozes
  A spectral adder (D:7)
  An adder zombie (D:5)
  An adder skeleton (D:4)
  5 worms
  The ghost of voltaire321 the Sneak, a weakling DgDe (D:4)
  5 dart slugs
  7 leopard geckos
  55 orcs
  3 ball pythons
  3 giant cockroaches
  10 goblins
  9 hobgoblins
  14 jackals
  6 quokkas
  9 bats
  2 frilled lizards
  2 jackal zombies
  8 kobolds
  A leopard gecko simulacrum (D:4)
  2 leopard gecko skeletons (D:4)
  A leopard gecko zombie (D:9)
  A quokka skeleton (D:9)
  A quokka zombie (D:6)
  5 rats
603 creatures vanquished.

Vanquished Creatures (others)
  A redback (Spider:1)
  46 fungi
  90 plants
137 creatures vanquished.

Grand Total: 740 creatures vanquished

Notes
Turn   | Place    | Note
-------+----------+-------------------------------------------
     0 | D:1      | Calibrex the Troll Monk began the quest for the Orb.
     0 | D:1      | Reached XP level 1. HP: 22/22 MP: 0/0
    91 | D:1      | Reached XP level 2. HP: 25/29 MP: 1/1
   398 | D:1      | Reached skill level 3 in Fighting
   474 | D:1      | Reached XP level 3. HP: 37/37 MP: 2/2
  1157 | D:2      | Noticed Sigmund
  1158 | D:2      | Found an ornate altar of the Wu Jian Council.
  1180 | D:2      | Killed Sigmund
  1181 | D:2      | Reached skill level 4 in Fighting
  1181 | D:2      | Reached XP level 4. HP: 27/49 MP: 3/3
  1181 | D:2      | Reached XP level 5. HP: 30/55 MP: 4/4
  1188 | D:2      | Became a worshipper of the Wu Jian Council
  1188 | D:2      | Reached * piety under Wu Jian
  1188 | D:2      | Reached ** piety under Wu Jian
  1659 | D:2      | Found a blossoming altar of Fedhas.
  1846 | D:3      | Reached XP level 6. HP: 54/63 MP: 5/5
  2233 | D:3      | Reached *** piety under Wu Jian
  2240 | D:3      | Found a shimmering altar of Xom.
  2244 | D:3      | Found a transporter.
  2256 | D:3      | Found a transporter.
  2285 | D:3      | Reached skill level 1 in Shields
  2285 | D:3      | Reached skill level 5 in Unarmed Combat
  2384 | D:3      | Found a radiant altar of Vehumet.
  2442 | D:3      | Found a broken altar of Ashenzari.
  2443 | D:3      | Found an opulent altar of Gozag.
  2549 | D:3      | Found a hide-covered altar of Uskayaw.
  2594 | D:3      | Reached skill level 5 in Fighting
  2837 | D:4      | Found a runed translucent gate.
  2837 | D:4      | Found a runed translucent gate.
  2837 | D:4      | Found a runed translucent gate.
  2853 | D:4      | Reached XP level 7. HP: 69/72 MP: 6/6
  3170 | D:4      | Noticed voltaire321's ghost (weakling DgDe)
  3844 | D:4      | Killed voltaire321's ghost
  3935 | D:5      | Entered Level 5 of the Dungeon
  3975 | D:5      | Reached **** piety under Wu Jian
  4036 | D:5      | Found the +6 lightning scales {run, rElec}
  4202 | D:5      | Reached XP level 8. HP: 83/83 MP: 7/7
  4796 | D:5      | Found a hazy altar of Hepliaklqana.
  4872 | D:5      | Reached skill level 6 in Fighting
  4962 | D:6      | Found a staircase to the Ecumenical Temple.
  4983 | D:6      | Reached skill level 5 in Shields
  5007 | D:6      | Noticed Maggie
  5017 | D:6      | Killed Maggie
  5132 | D:6      | Found a snail-covered altar of Cheibriados.
  5176 | D:6      | Found an iron altar of Okawaru.
  5196 | D:6      | Reached XP level 9. HP: 92/92 MP: 8/8
  5772 | D:7      | Reached skill level 7 in Fighting
  5835 | D:7      | Found a transporter.
  5836 | D:7      | Found a transporter.
  5837 | D:7      | Noticed sahdkjhfkaj's ghost (novice MfGl)
  5878 | D:7      | Killed sahdkjhfkaj's ghost
  6192 | D:7      | Found a white marble altar of Elyvilon.
  6471 | D:7      | Found a burning altar of Makhleb.
  6864 | D:8      | Reached XP level 10. HP: 104/104 MP: 9/9
  7054 | D:8      | Reached skill level 8 in Fighting
  7077 | D:8      | Reached ***** piety under Wu Jian
  7132 | D:8      | Reached skill level 1 in Throwing
  7871 | D:9      | Found an iron altar of Okawaru.
  8278 | D:9      | Noticed a two-headed ogre
  8288 | D:9      | Killed a two-headed ogre
  8506 | D:10     | Entered Level 10 of the Dungeon
  8531 | D:10     | Killed an unseen horror
  8766 | D:10     | Noticed Nergalle
  8774 | D:10     | Killed Nergalle
  8846 | D:10     | Killed an unseen horror
  8847 | D:10     | Reached XP level 11. HP: 38/113 MP: 10/10
  9516 | D:11     | Noticed an orc knight
  9517 | D:11     | Found a staircase to the Orcish Mines.
  9532 | D:11     | Killed an orc knight
  9533 | D:11     | Reached skill level 9 in Fighting
  9537 | D:11     | Killed an unseen horror
  9541 | D:11     | Reached skill level 5 in Dodging
  9688 | D:11     | Found a staircase to the Lair.
  9771 | D:11     | Reached skill level 5 in Throwing
  9891 | D:11     | Found an ornate altar of the Wu Jian Council.
 10060 | D:11     | Noticed a brown ugly thing
 10071 | D:11     | Killed a brown ugly thing
 10388 | Orc:1    | Entered Level 1 of the Orcish Mines
 10560 | Orc:1    | Reached ****** piety under Wu Jian
 10884 | Orc:2    | Entered Level 2 of the Orcish Mines
 10884 | Orc:2    | Noticed Josephine
 10904 | Orc:2    | Killed Josephine
 11120 | Orc:2    | Noticed an orc knight
 11127 | Orc:2    | Killed an orc knight
 11162 | Orc:2    | Found a staircase to the Elven Halls.
 11300 | Orc:2    | Found a roughly hewn altar of Beogh.
 11420 | Orc:2    | Noticed an orc sorcerer
 11449 | Orc:2    | Killed an orc sorcerer
 11450 | Orc:2    | Reached XP level 12. HP: 121/126 MP: 11/11
 11636 | Orc:2    | Found Ytic's Book Emporium.
 11658 | Orc:2    | Reached skill level 10 in Fighting
 11689 | Orc:2    | Noticed an ogre mage
 11689 | Orc:2    | Noticed an ogre mage
 11695 | Orc:2    | Noticed a two-headed ogre
 11701 | Orc:2    | Killed an ogre mage
 11701 | Orc:2    | Noticed a two-headed ogre
 11701 | Orc:2    | Noticed a two-headed ogre
 11705 | Orc:2    | Killed an ogre mage
 11709 | Orc:2    | Noticed a two-headed ogre
 11710 | Orc:2    | Killed a two-headed ogre
 11722 | Orc:1    | Killed a two-headed ogre
 11832 | Orc:1    | Killed a two-headed ogre
 11936 | Orc:2    | Killed a two-headed ogre
 11941 | Orc:2    | Noticed a two-headed ogre
 11960 | Orc:2    | Killed a two-headed ogre
 11996 | Orc:2    | Noticed a two-headed ogre
 12001 | Orc:2    | Noticed a two-headed ogre
 12005 | Orc:2    | Reached skill level 10 in Unarmed Combat
 12010 | Orc:2    | Killed a two-headed ogre
 12033 | Orc:2    | Killed a two-headed ogre
 12070 | Orc:2    | Noticed a two-headed ogre
 12081 | Orc:2    | Killed a two-headed ogre
 12088 | Orc:2    | Reached skill level 11 in Fighting
 12352 | Orc:2    | Found Fepacero's Distillery.
 12354 | Orc:2    | Found Huoroklo's Book Shop.
 12360 | Orc:2    | Bought a potion of heal wounds for 70 gold pieces
 12360 | Orc:2    | Bought a potion of magic for 112 gold pieces
 12360 | Orc:2    | Bought a potion of invisibility for 112 gold pieces
 12360 | Orc:2    | Bought a potion of heal wounds for 70 gold pieces
 12360 | Orc:2    | Bought a potion of might for 56 gold pieces
 12360 | Orc:2    | Bought a potion of mutation for 112 gold pieces
 12362 | Orc:2    | Found Faen's Armour Emporium.
 12371 | Orc:2    | Bought a +1 hat for 176 gold pieces
 12387 | Orc:2    | Bought a book of Necromancy for 480 gold pieces
 12387 | Orc:2    | Bought a book of Maledictions for 400 gold pieces
 12496 | Orc:2    | Found Fued's General Store.
 12519 | Orc:2    | Bought a scroll of teleportation for 42 gold pieces
 12519 | Orc:2    | Bought a scroll of identify for 28 gold pieces
 12519 | Orc:2    | Bought a scroll of identify for 28 gold pieces
 12646 | Orc:2    | Reached XP level 13. HP: 103/137 MP: 12/12
 12739 | Elf:1    | Entered Level 1 of the Elven Halls
 12862 | Lair:1   | Entered Level 1 of the Lair of Beasts
 13306 | Lair:1   | Reached skill level 1 in Necromancy
 13325 | Lair:1   | Reached skill level 1 in Hexes
 13942 | Lair:2   | Found a staircase to the Swamp.
 13951 | Lair:2   | Reached skill level 1 in Spellcasting
 14213 | Lair:2   | Found a hole to the Spider Nest.
 15191 | Lair:3   | Identified 2 scrolls of acquirement
 15191 | Lair:3   | Acquired a +0 tower shield of poison resistance
 15428 | Lair:3   | You fall into a shaft and drop 3 floors!
 15428 | Lair:6   | Entered Level 6 of the Lair of Beasts
 15431 | Lair:6   | Found a staircase to the Slime Pits.
 15909 | Lair:6   | Reached XP level 14. HP: 25/146 MP: 16/16
 16409 | Lair:6   | Reached skill level 10 in Shields
 18288 | Lair:4   | Found a runed translucent door.
 18298 | Lair:4   | Noticed Zaegoraum's ghost (journeyman DsAK)
 18299 | Lair:4   | Identified the +2 spear "Pityem" {venom, *Rage Str+4
                  | Stlth+}
 18874 | Lair:4   | Upgraded the game from 0.27-a0-3-gcf006a40f5 to
                  | 0.27-a0-13-g87abb2d9eb
 19758 | Spider:1 | Entered Level 1 of the Spider Nest
 20007 | Spider:1 | Reached skill level 12 in Fighting
 20090 | Spider:1 | Reached skill level 5 in Necromancy
 20093 | Spider:1 | Learned a level 2 spell: Slow
 20384 | Spider:1 | HP: 6/149 [redback (6)]
 20724 | Spider:1 | Got a transparent silver ring
 20728 | Spider:1 | Identified the ring "Conaxer" {rPois MP+9 Str+2} (You found
                  | it on level 1 of the Spider Nest)
 20778 | Spider:1 | Reached XP level 15. HP: 129/156 MP: 20/20
 21638 | Spider:2 | Blown up by an orb spider

Illustrated notes

Levels and vault maps discovered:
D:1:      grunt_arrival_lava_bath, layout_loops_corners,
          chequers_serial_rivers_room_b, corexii_item_surrounded_by_moat
D:2:      layout_basic, lemuel_crystal_altar, lemuel_round_altar,
          roderic_nine_men_s_morris, uniq_sigmund
D:3:      layout_basic, general_overflow_altar, gammafunk_temple_overflow_arena,
          chequers_temple_overflow_statue_of_worship, corexii_corridor_pit
D:4:      layout_basic, gammafunk_ghost_icy, grunt_ministairs_6
D:5:      layout_basic, nzn_hepliaklqana_mist_gate
D:6:      layout_cave_pools, kennysheep_slug_shrine, minmay_temple_entry_grid,
          basic_altar, minmay_joined_circles, uniq_maggie
D:7:      layout_loops_corners, elyvilon_altar_5, gammafunk_ghost_mausoleum,
          supply_closet_lemuel, nicolae_lava_and_water,
          makhleb_blood_cavern_becter
D:8:      layout_layer_cave
D:9:      layout_long_grid, okawaru_trees_2
D:10:     layout_cave_pools, corexii_hall_statues_l, uniq_nergalle
D:11:     layout_loops_ring, erik_lair_orcish_takeover, orc_david_3, basic_altar
Lair:1:   layout_layer_cave, st_stairs_11
Lair:2:   layout_cave_pods, skrybe_swamp_entry_bodies,
          nicolae_spider_entry_orb_guardian, serial_bayou_shore_a
Lair:3:   layout_regular_city, beast_lair_carwin_5, infiniplex_staircase_pool_2
Lair:4:   layout_regular_city, ebering_ghost_funeral_grove,
          minmay_lair_oklob_chamber
Lair:5:   layout_cave_pods, nicolae_quartered_pool_medium
Lair:6:   minmay_lair_end_frog_pond, layout_regular_city, slime_dummy,
          lemuel_fruit_fields
Spider:1: layout_spider_delve
Spider:2: layout_spider_delve, uniq_donald
Orc:1:    layout_diamond_mine, serial_shops, nicolae_shop_statue_plus
Orc:2:    st_orc_open, layout_caves, serial_shops, nicolae_shop_window_shopping,
          basic_altar, uniq_josephine
Elf:1:    layout_loops_cross, hangedman_elven_crosses_minicolossus,
          amcnicky_altar_gilded, uniq_kirke, uniq_nikola

Skill      XL: |  1  2  3  4  5  6  7  8  9 10 11 12 13 14 |
---------------+-------------------------------------------+-----
Fighting       | 3 4 5 6 7 8 9 11 12 | 12.2
Unarmed Combat | 4 5 6 8 10 | 10.9
Shields        | 1 4 6 8 9 11 | 11.4
Throwing       | 3 5 |  5.0
Dodging        | 4 6 8 9 |  9.0
Necromancy     | 3 5 |  5.0
Hexes          | 2 4 |  4.6
Spellcasting   | 2 4 |  4.2
Stealth        | |  1.0

Action                   |  1- 3 |  4- 6 |  7- 9 | 10-12 | 13-15 || total
-------------------------+-------+-------+-------+-------+-------++-------
Melee: Unarmed           |    84 |   156 |   366 |   697 |  1069 ||  2372
       Punch             |       |     5 |       |       |       ||     5
Throw: Stone             |       |     4 |     5 |    12 |     8 ||    29
       Dart              |       |       |     6 |    64 |    10 ||    80
       Javelin           |       |       |       |     3 |       ||     3
       Large rock        |       |       |       |     2 |    17 ||    19
Invok: Lunge             |       |    15 |    29 |    48 |    67 ||   159
       Whirlwind         |       |    11 |    29 |    93 |   288 ||   421
       Heavenly Storm    |       |       |       |     2 |     2 ||     4
       Serpent's Lash    |       |       |       |     1 |       ||     1
Evoke: Wand              |       |       |       |     2 |     7 ||     9
       Tin of tremorston |       |       |       |       |     1 ||     1
  Use: Scroll            |       |     4 |     6 |     5 |    21 ||    36
       Potion            |       |       |       |     9 |    11 ||    20
 Stab: Sleeping          |     2 |     3 |     1 |       |     2 ||     8
       Paralysed         |       |       |       |       |     2 ||     2
       Distracted        |       |       |       |       |     2 ||     2
Armor: Robe              |    46 |    53 |    41 |       |       ||   140
       Swamp dragon scal |       |       |    47 |   182 |   206 ||   435
       Skin              |       |       |       |    10 |       ||    10
Dodge: Dodged            |    47 |    49 |    61 |   223 |   305 ||   685
Block: Kite shield       |       |    36 |   131 |   333 |    53 ||   553
       Tower shield      |       |       |       |       |   748 ||   748

Table legend: (Time is in decaauts)
 A = Elapsed time spent in this place.
 B = Non-inter-level travel time spent in this place.
 C = Inter-level travel time spent in this place.
 D = Time resting spent in this place.
 E = Time spent auto-exploring this place.
 F = Levels seen in this place.
 G = Mean time per level.
                   A        B        C        D        E       F      G
               +--------+--------+--------+--------+--------+-----+--------+
         Total |  21530 |  20434 |   1096 |   1394 |  13976 |  22 |  978.6 |
       Dungeon |  10461 |   9902 |    559 |    440 |   7027 |  11 |  951.0 |
          Lair |   6908 |   6483 |    425 |    328 |   4749 |   6 | 1151.3 |
   Spider Nest |   1833 |   1821 |     12 |    400 |    853 |   2 |  916.5 |
  Orcish Mines |   2305 |   2206 |     99 |    226 |   1347 |   2 | 1152.5 |
   Elven Halls |     22 |     22 |      0 |      0 |      0 |   1 |   22.0 |
               +--------+--------+--------+--------+--------+-----+--------+

Top non-repeatable levels by time:
  Lair:6: 1785 daAuts
   Orc:2: 1549 daAuts
Spider:1: 1452 daAuts
  Lair:2: 1275 daAuts
     D:4: 1122 daAuts
     D:7: 1110 daAuts
    D:11: 1100 daAuts
  Lair:1: 1060 daAuts
     D:8: 1049 daAuts
     D:3: 1038 daAuts
     D:5: 965 daAuts
  Lair:5: 942 daAuts
  Lair:3: 931 daAuts
     D:2: 912 daAuts
  Lair:4: 912 daAuts
